 Dungeon Crawl Stone Soup version 0.27.1-2-g3b301248ec (webtiles) character file.

Game seed: 14662190446589621005

91 Rickety the Chopper (level 4, -17/40 HPs)
             Began as a Hill Orc Fighter on Sept 25, 2021.
             Demolished by an ogre (19 damage)
             ... on level 3 of the Dungeon.
             The game lasted 00:02:07 (2015 turns).

Rickety the Chopper (Hill Orc Fighter)              Turns: 2015, Time: 00:02:07

Health: -17/40     AC: 12    Str: 19    XL:     4   Next: 59%
Magic:  4/4        EV:  5    Int:  8    God:
Gold:   122        SH:  9    Dex: 10    Spells: 3/3 levels left

rFire    . . .     SeeInvis .   a - +0 war axe
rCold    . . .     Faith    .   c - +0 kite shield
rNeg     . . .     Spirit   .   e - +0 chain mail
rPois    .         Reflect  .   (no helmet)
rElec    .         Harm     .   (no cloak)
rCorr    .         Rampage  .   h - +2 pair of gloves
Will     .....                  (no boots)
Stlth    ..........             (no amulet)
HPRegen  0.13/turn              (no ring)
MPRegen  0.09/turn              (no ring)

@: no status effects
A: no striking features
a: no special abilities


You were on level 3 of the Dungeon.
You visited 1 branch of the dungeon, and saw 3 of its levels.

You collected 122 gold pieces.

Inventory:

Hand Weapons
 a - a +0 war axe (weapon)
Armour
 b - a +0 scale mail
 c - a +0 kite shield (worn)
 e - a +0 chain mail (worn)
 h - a +2 pair of gloves (worn)
Scrolls
 g - 4 scrolls of identify {unknown}
 i - a scroll of blinking {unknown}
 j - a scroll of teleportation {unknown}
 m - a scroll of holy word {unknown}
Potions
 d - a potion of might
 f - a potion of haste {unknown}
 k - a potion of curing {unknown}
 l - 2 potions of flight {unknown}


   Skills:
 + Level 4.2 Fighting
 * Level 4.7 Axes
 + Level 3.7 Armour
 + Level 0.1 Dodging
 + Level 3.7 Shields


You had 3 spell levels left.
You didn't know any spells.
Your spell library was empty.

Dungeon Overview and Level Annotations

Branches:
Dungeon (3/15)

Altars:


Message History

You hit the ball python.
You kill the ball python!
No target in view!
Unknown command.
A bat comes into view.
The bat moves out of view.
An ogre comes into view. It is wielding a +0 giant club.
The ogre shouts!
You hit the ogre.
The ogre is lightly wounded.
You block the ogre's attack.
You hit the ogre.
The ogre is moderately wounded.
The ogre hits you but does no damage.
You hit the ogre.
The ogre is heavily wounded.
The ogre hits you with a +0 giant club!!
Ouch! That really hurt!
The ogre closely misses you.
You are too injured to fight recklessly!
You are too injured to fight recklessly!
You are too injured to fight recklessly!
You closely miss the ogre.
The ogre is heavily wounded.
You block the ogre's attack.
You slash the ogre!
The ogre is almost dead.
The ogre hits you with a +0 giant club.
You completely miss the ogre.
The ogre is almost dead.
The ogre hits you with a +0 giant club!
* * * LOW HITPOINT WARNING * * *
You barely miss the ogre.
The ogre is almost dead.
You block the ogre's attack.
Your chain mail prevents you from hitting the ogre.
The ogre is almost dead.
You block the ogre's attack.
The ogre hits you with a +0 giant club!!
You die...

######### #.......#
#.#####.# #.#####.# ###
#.##....####..
#.#.......##.#
#.#..#..#.##O# #.
#.......#.##@# ..
###..........# #.
##.#.###.#### #.
#........#########.##
#................#..#
#.##..#.#>.......##.####
#.##....#..............#
#.###.#.#.....†..##.##.#
#................##....#


You could see an ogre.

Vanquished Creatures
  5 adders
  A worm (D:2)
  A dart slug (D:2)
  7 bats
  4 endoplasms
  A giant cockroach (D:1)
  5 goblins
  3 hobgoblins
  2 jackals (D:1)
  2 quokkas
  4 ball pythons
  4 kobolds
  A rat (D:1)
40 creatures vanquished.

Vanquished Creatures (others)
  A fungus (D:1)
1 creature vanquished.

Grand Total: 41 creatures vanquished

Notes
Turn   | Place    | Note
-------+----------+-------------------------------------------
     0 | D:1      | Rickety the Hill Orc Fighter began the quest for the Orb.
     0 | D:1      | Reached XP level 1. HP: 19/19 MP: 1/1
     1 | D:1      | Noticed an electric eel
   143 | D:1      | Found a faded altar of an unknown god.
   242 | D:1      | Reached XP level 2. HP: 26/27 MP: 2/2
  1002 | D:2      | Reached XP level 3. HP: 26/33 MP: 3/3
  1678 | D:3      | Reached XP level 4. HP: 38/40 MP: 4/4
  2006 | D:3      | Noticed an ogre
  2013 | D:3      | HP: 2/40 [ogre (14)]
  2015 | D:3      | Demolished by an ogre

Illustrated notes

Levels and vault maps discovered:
D:1:      arrival_aquarium_a, layout_basic, dreamdust_ecumenical_altar_grove,
          minmay_bisected
D:2:      layout_loops_ring, kennysheep_generic_room_10
D:3:      layout_loops_cross

Skill      XL: |  1  2  3 |
---------------+----------+-----
Fighting       | 4 |  4.2
Axes           | 3 4 |  4.7
Armour         | |  3.7
Dodging        | |  0.1
Shields        | |  3.7

Action                   |  1- 3 |  4- 6 || total
-------------------------+-------+-------++-------
Melee: War axe           |    76 |    54 ||   130
Armor: Scale mail        |     4 |       ||     4
       Chain mail        |    35 |    39 ||    74
Dodge: Dodged            |    13 |    16 ||    29
Block: Kite shield       |    42 |    34 ||    76
